 Dungeon Crawl Stone Soup version 0.28-b1-25-g9875b3fc8c (webtiles) character file.

Game seed: 3992074825414052730

36878 pkoi the Devastator (level 13, -1/94 HPs)
             Began as a Red Draconian Conjurer on Feb 3, 2022.
             Was an Elder of Vehumet.
             Slain by an eight-headed hydra (10 damage)
             ... on level 6 of the Lair of Beasts.
             The game lasted 00:33:49 (29319 turns).

pkoi the Devastator (Red Draconian Conjurer)       Turns: 29319, Time: 00:33:50

Health: -1/94      AC: 14    Str:  9    XL:     13   Next: 55%
Magic:  25/33      EV: 13    Int: 30    God:    Vehumet [****..]
Gold:   1106       SH:  0    Dex: 10    Spells: 3/26 levels left

rFire   + + .      SeeInvis .   u - staff of conjuration
rCold   + . .      Faith    .   (no shield)
rNeg    . . .      Spirit   .   (armour unavailable)
rPois   .          Reflect  .   (helmet restricted)
rElec   .          Harm     .   i - scarf {rC+ rF+}
rCorr   .          Rampage  .   F - +2 pair of gloves
Will    .....                   j - +2 pair of boots
Stlth   ++........              (no amulet)
HPRegen 0.25/turn               b - ring of magical power
MPRegen 0.23/turn               m - +6 ring of intelligence

@: about to teleport, slowed, very slow
A: breathe fire, AC +8, unfitting armour, fire resistance 1, cold-blooded
a: Breathe Fire, Renounce Religion


You were on level 6 of the Lair of Beasts.
You worshipped Vehumet.
Vehumet was greatly pleased with you.
You visited 3 branches of the dungeon, and saw 15 of its levels.

You collected 1106 gold pieces.

Inventory:

Hand Weapons
 h - a +1 dagger of speed
 C - a +0 quarterstaff of freezing
Missiles
 e - 5 boomerangs
 k - 16 poisoned darts
 y - 3 curare-tipped darts
Armour
 i - a scarf of resistance (worn)
 j - a +2 pair of boots (worn)
 F - a +2 pair of gloves (worn)
Magical Staves
 u - a staff of conjuration (weapon)
Jewellery
 a - a ring of see invisible
 b - a ring of magical power (left hand)
 g - a ring of poison resistance
 m - a +6 ring of intelligence (right hand)
 q - a +4 ring of slaying
 v - a ring of flight
 A - a ring of ice
Wands
 B - a wand of charming (9)
 H - a wand of iceblast (3)
 J - a wand of digging (5)
Scrolls
 f - 3 scrolls of teleportation
 n - 3 scrolls of enchant weapon
 p - 2 scrolls of enchant armour
 r - 2 scrolls of fog
 x - 4 scrolls of fear
 D - 2 scrolls of amnesia
 G - 2 scrolls of identify
 I - a scroll of vulnerability {unknown}
Potions
 c - 4 potions of haste
 d - 15 potions of curing
 l - a potion of magic
 o - 7 potions of heal wounds
 s - a potion of berserk rage
 t - 3 potions of ambrosia
 w - 4 potions of might
 z - a potion of resistance
 E - 2 potions of brilliance


   Skills:
 - Level 3.0 Fighting
 - Level 6.0 Staves
 - Level 6.0 Dodging
 - Level 1.7 Stealth
 + Level 7.4 Spellcasting
 + Level 15.9 Conjurations
 - Level 6.0 Translocations
 - Level 5.3 Transmutations
 + Level 8.7 Fire Magic
 - Level 5.3 Air Magic
 - Level 3.0 Poison Magic
 - Level 4.0 Evocations


You had 3 spell levels left.
You knew the following spells:

 Your Spells              Type           Power      Damage    Failure   Level
a - Magic Dart            Conj           100%       1d8       0%          1
b - Searing Ray           Conj           100%       2d8       0%          2
c - Iskenderun's Mystic   Conj/Tloc      86%        2d17      1%          4
d - Blink                 Tloc           94%        N/A       1%          2
e - Lightning Bolt        Conj/Air       42%        1d61      1%          5
f - Poisonous Vapours     Pois/Air       72%        N/A       1%          2
g - Ignite Poison         Fire/Tmut/Pois 45%        N/A       1%          3
h - Flame Wave            Conj/Fire      91%        2d15      1%          4

Your spell library contained the following spells:

 Spells                   Type           Power      Damage    Failure   Level
 Frozen Ramparts          Ice            22%        1d4       4%          3
 Beastly Appendage        Tmut           86%        N/A       1%          1
 Static Discharge         Conj/Air       84%        N/A       1%          2
 Wereblood                Tmut           43%        N/A       1%          2
 Dazzling Flash           Conj/Hex       100%       N/A       1%          3
 Gell's Gravitas          Tloc           47%        N/A       1%          3
 Lesser Beckoning         Tloc           47%        N/A       1%          3
 Teleport Other           Tloc           47%        N/A       1%          3
 Spider Form              Tmut/Pois      36%        N/A       2%          3
 Animate Skeleton         Necr           22%        N/A       4%          1
 Pain                     Necr           44%        1d6       4%          1
 Portal Projectile        Hex/Tloc       58%        N/A       4%          3
 Call Canine Familiar     Summ           11%        N/A       14%         3
 Ozocubu's Armour         Ice            11%        N/A       14%         3
 Vampiric Draining        Necr           11%        2d6       14%         3
 Fulminant Prism          Conj/Hex       36%        3d18      1%          4
 Manifold Assault         Tloc           47%        N/A       11%         5
 Leda's Liquefaction      Hex/Erth       5%         N/A       41%         4
 Summon Ice Beast         Ice/Summ       11%        N/A       41%         4
 Dispersal                Tloc           23%        N/A       52%         6
 Metabolic Englaciation   Hex/Ice        5%         N/A       77%         5
 Summon Mana Viper        Hex/Summ       11%        N/A       77%         5
 Maxwell's Capacitive Co  Air            21%        ∞         99%         8
 Simulacrum               Ice/Necr       5%         N/A       100%        6
 Monstrous Menagerie      Summ           5%         N/A       100%        7


Dungeon Overview and Level Annotations

Branches:
Dungeon (8/15)             Temple (1/1) D:5            Lair (6/6) D:8
  Swamp (0/4) Lair:4        Snake (0/4) Lair:2
  Slime: Lair:5-6

Altars:
Ashenzari
Cheibriados
Dithmenos
Elyvilon
Fedhas
Gozag
Hepliaklqana
Kikubaaqudgha
Makhleb
Nemelex Xobeh
Okawaru
Qazlal
Ru
Sif Muna
Trog
Uskayaw
Vehumet
Wu Jian
Xom
Yredelemnul
Zin
The Shining One

Shops:
D:7 ?


Innate Abilities, Weirdness & Mutations

You can breathe blasts of fire.
Your fiery red scales are hard. (AC +8)
You cannot fit into any form of body armour.
Your flesh is heat resistant. (rF+)
You are cold-blooded and may be slowed by cold attacks.


Message History

The eight-headed hydra bites you but does no damage.
The eight-headed hydra bites you!
A wolf comes into view.
The eight-headed hydra bites you but does no damage.
The eight-headed hydra bites you. The eight-headed hydra bites you!
The eight-headed hydra bites you. x3
* * * LOW HITPOINT WARNING * * *
The eight-headed hydra bites you.
* * * LOW HITPOINT WARNING * * *
The eight-headed hydra bites you but does no damage.
The water moccasin bites you but does no damage.
Unknown command.
You feel yourself speed up.
The bush is engulfed in blazing flames.
A cane toad comes into view.
Being near the torpor snail leaves you feeling lethargic.
The bush is engulfed in blazing flames.
The bush is engulfed in blazing flames.
The wolf misses you. The wolf bites you but does no damage.
The wolf barely misses you.
As you read the scroll of teleportation, it crumbles to dust.
You feel strangely unstable.
The bush is engulfed in blazing flames.
The wolf completely misses you. The wolf barely misses you.
The eight-headed hydra bites you but does no damage.
The eight-headed hydra bites you!
* * * LOW HITPOINT WARNING * * *
The eight-headed hydra completely misses you.
The eight-headed hydra misses you. x2
The eight-headed hydra bites you but does no damage. x3
The water moccasin bites you but does no damage.
A black mamba comes into view.
The wolf bites you but does no damage. The water moccasin closely misses you.
The eight-headed hydra barely misses you. x2
The eight-headed hydra bites you but does no damage.
The eight-headed hydra bites you.
* * * LOW HITPOINT WARNING * * *
The eight-headed hydra bites you but does no damage.
The eight-headed hydra bites you!
* * * LOW HITPOINT WARNING * * *
The eight-headed hydra bites you!
You die...

.............# .#...##.#
.............###..[....##
..............##.<......##
...........#.###.........##
............####..........##
.......P#..................#
.....#P##......#...........
.....#####..P....h.......# #
......###.....#.@DhFY..#. ...
..[..#.P.....##.hS.w..##.....
..†÷<.......#.#..F...D.......
...††.....#.#####..P##(..⌠...
.........### #P..##


hS..... ....†....## ##### .....## .......†..# .Y.### ......#...# ..D.
..........# ..... You could see an eight-headed hydra, a five-headed hydra, a
torpor snail, a black mamba (wandering), a yak, 2 cane toads, a water moccasin
and 3 wolves.

Vanquished Creatures
  Fannar (D:8)
  Harold (D:8)
  7 hydras
  Erica (D:8)
  A death yak (Lair:4)
  A manticore (Lair:5)
  6 black mambas
  2 torpor snails
  11 cane toads
  Maurice (D:8)
  4 rime drakes
  Maggie (D:7)
  A komodo dragon (Lair:5)
  A queen bee (Lair:5)
  3 meliai (Lair:5)
  A polar bear (Lair:6)
  A troll (D:7)
  17 blink frogs
  5 dream sheep (Lair:4)
  3 wyverns
  56 yaks
  3 basilisks
  10 water moccasins
  3 nagas (Lair:2)
  An ice beast (D:8)
  3 black bears
  6 ogres (D:5)
  2 centaurs
  27 wolves
  2 phantoms (D:7)
  Blork the orc (D:6)
  10 bullfrogs
  3 wyvern zombies
  A scorpion (D:5)
  2 wyvern skeletons
  34 killer bees
  3 electric eels (D:8)
  A jelly (D:4)
  2 bullfrog zombies (D:6)
  A centaur zombie (D:5)
  6 hounds
  2 orc priests
  A gnoll shaman (D:7)
  A bullfrog skeleton (D:6)
  A centaur skeleton (D:5)
  A hell rat (Lair:6)
  Natasha (twice) (D:2)
  3 iguanas
  2 orc wizards
  A killer bee zombie (D:7)
  2 hound zombies
  Robin (D:1)
  5 gnolls (D:7)
  7 adders
  3 white imps
  An ufetubus (D:6)
  2 adder skeletons (D:4)
  A worm (D:2)
  4 dart slugs
  15 orcs
  6 ball pythons
  8 endoplasms
  4 giant cockroaches
  9 goblins
  7 hobgoblins
  3 jackals (D:4)
  7 quokkas
  6 bats
  3 frilled lizards
  3 kobolds
  7 rats
  A bush (Lair:6)
365 creatures vanquished.

Vanquished Creatures (others)
  A bush (Lair:2)
  29 fungi
  57 plants
  3 withered plants (Lair:6)
90 creatures vanquished.

Grand Total: 455 creatures vanquished

Notes
Turn   | Place    | Note
-------+----------+-------------------------------------------
     0 | D:1      | pkoi the Draconian Conjurer began the quest for the Orb.
     0 | D:1      | Reached XP level 1. HP: 14/14 MP: 3/3
   188 | D:1      | Found a faded altar of an unknown god.
   347 | D:1      | Reached XP level 2. HP: 19/20 MP: 1/5
  1203 | D:2      | Noticed Natasha
  1204 | D:2      | Noticed a crimson imp
  1279 | D:2      | Noticed Robin
  1783 | D:1      | Killed Robin
  1784 | D:1      | Reached XP level 3. HP: 22/26 MP: 0/6
  2163 | D:2      | Reached skill level 5 in Conjurations
  2783 | D:2      | Killed Natasha
  2784 | D:2      | Reached XP level 4. HP: 10/33 MP: 0/8
  3381 | D:2      | Noticed Natasha
  3385 | D:2      | Killed Natasha
  4246 | D:3      | Reached XP level 5. HP: 38/38 MP: 6/9
  4274 | D:3      | Learned a level 2 spell: Searing Ray
  4279 | D:3      | Learned a level 4 spell: Iskenderun's Mystic Blast
  4405 | D:3      | Found a snail-covered altar of Cheibriados.
  5245 | D:4      | Reached skill level 6 in Conjurations
  5336 | D:4      | Reached skill level 1 in Translocations
  6419 | D:5      | Entered Level 5 of the Dungeon
  6422 | D:5      | Noticed an ogre
  6427 | D:5      | Killed an ogre
  6428 | D:5      | Reached XP level 6. HP: 45/45 MP: 10/10
  6541 | D:5      | Reached skill level 7 in Conjurations
  6615 | D:5      | Your scales start taking on a fiery red colour.
  6615 | D:5      | Reached XP level 7. HP: 50/50 MP: 11/11
  6615 | D:5      | Gained mutation: Your flesh is heat resistant. (rF+) [Red
                  | Draconian growth]
  7017 | D:5      | Reached skill level 8 in Conjurations
  7336 | D:5      | Found a staircase to the Ecumenical Temple.
  7366 | Temple   | Entered the Ecumenical Temple
  7815 | Temple   | Became a worshipper of Vehumet
  7850 | D:5      | Reached XP level 8. HP: 57/57 MP: 12/12
  8054 | D:5      | Identified a scroll of acquirement
  8054 | D:5      | Acquired a staff of conjuration
  8794 | D:6      | Noticed Blork the orc
  8801 | D:6      | Killed Blork the orc
  8802 | D:6      | Reached skill level 1 in Fighting
  8802 | D:6      | Reached skill level 1 in Staves
  9079 | D:5      | Reached skill level 1 in Evocations
  9211 | D:6      | Reached skill level 9 in Conjurations
 10223 | D:7      | Reached skill level 5 in Translocations
 10228 | D:7      | Reached XP level 9. HP: 41/68 MP: 13/13
 10900 | D:7      | Noticed Maggie
 10912 | D:7      | Killed Maggie
 12002 | D:7      | Found Sikhofabax's Magic Scroll Boutique.
 12042 | D:8      | Noticed Maurice
 12434 | D:7      | Reached * piety under Vehumet
 12434 | D:7      | Offered knowledge of Sandblast by Vehumet.
 12435 | D:7      | Reached skill level 10 in Conjurations
 12674 | D:8      | Noticed a troll
 12683 | D:7      | Killed a troll
 13435 | D:8      | Killed Maurice
 13450 | D:8      | Reached XP level 10. HP: 67/77 MP: 14/14
 13528 | D:8      | Noticed Harold
 13544 | D:8      | Killed Harold
 13653 | D:8      | Noticed a green ugly thing
 13679 | D:8      | Found a staircase to the Lair.
 13684 | D:8      | Reached skill level 11 in Conjurations
 14192 | D:8      | Noticed Erica
 14198 | D:8      | Killed Erica
 14199 | D:8      | Reached skill level 5 in Staves
 14199 | D:8      | Reached skill level 5 in Dodging
 14440 | Lair:1   | Entered Level 1 of the Lair of Beasts
 15531 | Lair:1   | Noticed Fannar
 15541 | D:8      | Killed Fannar
 15542 | D:8      | Reached skill level 12 in Conjurations
 15581 | Lair:1   | Noticed a black mamba
 15587 | Lair:1   | Killed a black mamba
 15823 | D:8      | Learned a level 2 spell: Blink
 15829 | D:8      | Learned a level 5 spell: Lightning Bolt
 15916 | Lair:1   | Reached skill level 1 in Air Magic
 15916 | Lair:1   | Reached XP level 11. HP: 65/82 MP: 16/16
 15920 | Lair:1   | Offered knowledge of Poisonous Vapours by Vehumet.
 15924 | Lair:1   | Learned a level 2 spell: Poisonous Vapours
 16379 | Lair:1   | Reached ** piety under Vehumet
 16755 | Lair:1   | Noticed a six-headed hydra
 16762 | Lair:1   | Killed a six-headed hydra
 16763 | Lair:1   | Reached skill level 1 in Poison Magic
 18037 | Lair:2   | Reached skill level 13 in Conjurations
 19189 | Lair:2   | Noticed a six-headed hydra
 19198 | Lair:2   | Killed a six-headed hydra
 19467 | Lair:2   | Reached skill level 5 in Spellcasting
 19544 | Lair:2   | Found a staircase to the Snake Pit.
 20272 | Lair:2   | Reached XP level 12. HP: 31/89 MP: 9/20
 20846 | Lair:2   | Reached skill level 14 in Conjurations
 21432 | Lair:2   | Reached skill level 5 in Air Magic
 21974 | Lair:3   | Offered knowledge of Ignite Poison by Vehumet.
 22099 | Lair:3   | Learned a level 3 spell: Ignite Poison
 22122 | Lair:3   | Reached skill level 1 in Fire Magic
 22126 | Lair:3   | Reached skill level 1 in Transmutations
 22906 | Lair:3   | You fall into a shaft and drop 1 floor!
 23947 | Lair:4   | Noticed a seven-headed hydra
 24391 | Lair:4   | Killed a seven-headed hydra
 24461 | Lair:4   | Reached *** piety under Vehumet
 24747 | Lair:4   | Reached skill level 5 in Fire Magic
 24790 | Lair:4   | Reached skill level 15 in Conjurations
 24999 | Lair:4   | Found a staircase to the Swamp.
 25918 | Lair:5   | Noticed a seven-headed hydra
 25942 | Lair:5   | Killed a seven-headed hydra
 25943 | Lair:5   | Reached skill level 5 in Transmutations
 26441 | Lair:5   | Offered knowledge of Flame Wave by Vehumet.
 26442 | Lair:5   | Reached XP level 13. HP: 94/94 MP: 22/22
 26535 | Lair:4   | Learned a level 4 spell: Flame Wave
 28534 | Lair:5   | Reached **** piety under Vehumet
 28826 | Lair:6   | Entered Level 6 of the Lair of Beasts
 28893 | Lair:5   | Offered knowledge of Frozen Ramparts by Vehumet.
 29319 | Lair:6   | Slain by an eight-headed hydra

Illustrated notes

Levels and vault maps discovered:
D:1:      dpeg_arrival_prison, layout_rooms, ebering_ecumenical_altar_mist
D:2:      layout_basic, serial_co_window_serial, co_window_paths_a,
          co_window_paths_b, co_window_corner_a, co_window_corner_a,
          co_window_corner_a, co_window_of_opportunity_c, co_window_paths_c,
          co_window_paths_c, co_window_corner_b, co_window_2corner,
          co_window_corner_b, co_window_unsneaky_path_d, co_window_paths_d,
          glass_columns_b, glass_columns_a, glass_columns_b, glass_columns_b,
          serial_bayou_lagoon_b, uniq_robin, uniq_natasha
D:3:      layout_basic, mainiacjoe_overflow_catwalk, minmay_bisected
D:4:      layout_basic, lemuel_another_geyser
D:5:      layout_cave_pods, temple_statues, serial_rivers,
          chequers_serial_rivers_room_a, chequers_serial_rivers_marsh,
          chequers_serial_rivers_room_a, chequers_serial_rivers_micro_d,
          chequers_serial_rivers_room_b
D:6:      layout_basic, uniq_blork_the_orc
D:7:      layout_loops_corners, serial_shops,
          nicolae_shop_temple_entry_statues_fountains, uniq_maggie
D:8:      layout_cave_pools, erik_lair_island, amcnicky_mini_pool_small,
          hangedman_decor_lopped, lightli_corner_chamber, uniq_erica,
          uniq_maurice, uniq_harold
Temple:   mainiacjoe_temple_trianglar_array
Lair:1:   layout_roguey, lemuel_fruit_tree, uniq_fannar
Lair:2:   layout_cave_pods, guppyfry_snake_entry_garden
Lair:3:   layout_misc_corridors, chequers_serial_rivers_micro_c,
          serial_bayou_shore_b
Lair:4:   layout_cellular_growth, minmay_swamp_entry_reptiles,
          chequers_serial_rivers_small_a
Lair:5:   regret_index_tunnel_blossom, layout_hall_layers,
          chequers_serial_rivers_room_b
Lair:6:   due_jungle_book, layout_cave_pods, minmay_slime_entry_jelly_boxes,
          grunt_megastairs_3

Skill      XL: |  1  2  3  4  5  6  7  8  9 10 11 12 13 |
---------------+----------------------------------------+-----
Conjurations   | 5 6 7 8 9 10 12 13 15 | 15.9
Spellcasting   | 3 5 6 7 |  7.4
Translocations | 2 4 5 6 |  6.0
Dodging        | 3 4 6 |  6.0
Fighting       | 2 3 |  3.0
Staves         | 2 4 6 |  6.0
Evocations     | 2 4 |  4.0
Air Magic      | 1 4 5 |  5.3
Poison Magic   | 3 |  3.0
Fire Magic     | 6 8 |  8.7
Transmutations | 5 |  5.3
Stealth        | |  1.7

Action                   |  1- 3 |  4- 6 |  7- 9 | 10-12 | 13-15 || total
-------------------------+-------+-------+-------+-------+-------++-------
Melee: Unarmed           |    26 |       |       |       |       ||    26
       Tailslap          |     4 |     3 |     4 |     4 |     2 ||    17
       Punch             |     1 |       |       |       |       ||     1
       Dagger            |    22 |    12 |     4 |       |       ||    38
       Staff             |       |       |    14 |    38 |    16 ||    68
 Cast: Magic Dart        |    88 |   111 |   157 |   196 |    14 ||   566
       Searing Ray       |       |     5 |    36 |    72 |     3 ||   116
       Iskenderun's Myst |       |       |       |    22 |     6 ||    28
       Poisonous Vapours |       |       |       |    36 |    74 ||   110
       Ignite Poison     |       |       |       |    15 |    25 ||    40
       Lightning Bolt    |       |       |       |     2 |       ||     2
       Flame Wave        |       |       |       |       |     7 ||     7
 Abil: Breathe Fire      |       |       |    15 |    37 |     5 ||    57
  Use: Scroll            |     3 |     3 |    10 |     5 |     2 ||    23
       Potion            |       |       |     1 |     3 |       ||     4
 Stab: Sleeping          |       |       |       |     1 |       ||     1
Armor: Skin              |    33 |    15 |    54 |   103 |    63 ||   268
Dodge: Dodged            |    48 |    18 |   103 |   182 |    60 ||   411
